 Dungeon Crawl Stone Soup version 0.27.1-33-g824d729ab1 (webtiles) character file.

Game seed: 9995434655167806737

165 Descartes the Ruffian (level 5, -6/50 HPs)
             Began as a Troll Warper on Jan 1, 2022.
             Mangled by a gnoll (8 damage)
             ... on level 3 of the Dungeon.
             The game lasted 00:03:39 (2248 turns).

Descartes the Ruffian (Troll Warper)                Turns: 2248, Time: 00:03:40

Health: -6/50      AC:  4    Str: 19    XL:     5   Next: 21%
Magic:  6/6        EV: 10    Int: 10    God:
Gold:   109        SH:  0    Dex:  9    Spells: 7/7 levels left

rFire    . . .     SeeInvis .     - Unarmed
rCold    + . .     Faith    .   (no shield)
rNeg     . . .     Spirit   .   a - +0 robe
rPois    .         Reflect  .   (helmet restricted)
rElec    .         Harm     .   (no cloak)
rCorr    .         Rampage  .   (gloves unavailable)
Will     .....                  (boots unavailable)
Stlth    +.........             (no amulet)
HPRegen  1.16/turn              j - ring of protection from cold
MPRegen  0.10/turn              s - +4 ring of slaying

@: no status effects
A: large, unfitting armour, claws 3, regeneration 1, shaggy fur 1, tough skin 1
a: no special abilities


You were on level 3 of the Dungeon.
You visited 1 branch of the dungeon, and saw 3 of its levels.

You collected 109 gold pieces.

Inventory:

Missiles
 c - 5 boomerangs of dispersal (quivered)
 d - 33 stones
 e - 2 datura-tipped darts
 m - 12 poisoned darts
Armour
 a - a +0 robe (worn)
Jewellery
 j - a ring of protection from cold (left claw)
 s - a +4 ring of slaying (right claw)
Scrolls
 b - a scroll of blinking
 f - 2 scrolls of identify {unknown}
 g - 2 scrolls of teleportation {unknown}
 k - a scroll of enchant weapon {unknown}
 l - a scroll of enchant armour {unknown}
 n - a scroll of brand weapon {unknown}
Potions
 h - a potion of ambrosia {unknown}
 i - a potion of might {unknown}
 o - a potion of heal wounds {unknown}
 p - a potion of brilliance {unknown}
 q - a potion of berserk rage {unknown}
 r - 2 potions of flight {unknown}


   Skills:
 + Level 2.3 Fighting
 - Level 0.8 Throwing
 + Level 2.6 Dodging
 + Level 3.0 Unarmed Combat
 + Level 1.8 Spellcasting
 + Level 2.8 Translocations


You had 7 spell levels left.
You didn't know any spells.
Your spell library contained the following spells:

 Spells                   Type           Power      Damage    Failure   Level
 Blink                    Tloc           N/A        N/A       16%         2
 Gell's Gravitas          Tloc           3%         N/A       30%         3
 Lesser Beckoning         Tloc           3%         N/A       30%         3
 Teleport Other           Tloc           6%         N/A       30%         3
 Manifold Assault         Tloc           6%         N/A       95%         5


Dungeon Overview and Level Annotations

Branches:
Dungeon (3/15)

Altars:
Elyvilon


Innate Abilities, Weirdness & Mutations

You are too large for most types of armour.
You have claws for hands.
Your natural rate of healing is unusually fast.
You are covered in fur. (AC +1)
You have tough skin. (AC +1)


Message History

You are too injured to fight recklessly!
You are too injured to fight recklessly!
You are too injured to fight recklessly!
You are too injured to fight recklessly!
You are too injured to fight recklessly!
You are too injured to fight recklessly!
You are too injured to fight recklessly!
You are too injured to fight recklessly!
You are too injured to fight recklessly!
You are too injured to fight recklessly!
You are too injured to fight recklessly!
You are too injured to fight recklessly!
You are too injured to fight recklessly!
You are too injured to fight recklessly!
You are too injured to fight recklessly!
You claw the gnoll!
You kill the gnoll!
You scratch the giant cockroach.
You kill the giant cockroach!
The gnoll closely misses you. x2
You see here a +0 halberd.
You claw the gnoll!
The gnoll is severely wounded.
The gnoll closely misses you.
The gnoll hits you from afar with a +0 spear.
You scratch the gnoll.
The gnoll is almost dead.
The gnoll barely misses you. x2
You barely miss the gnoll.
The gnoll is almost dead.
The gnoll hits you with a +0 flail.
* * * LOW HITPOINT WARNING * * *
The gnoll hits you from afar with a +0 spear.
* * * LOW HITPOINT WARNING * * *
You closely miss the gnoll.
The gnoll is almost dead.
The gnoll hits you with a +0 flail!
* * * LOW HITPOINT WARNING * * *
The gnoll hits you from afar with a +0 spear!
You die... # ##.### # ....# .# #.#.##. ..... gg.

#g# # #@##.#
#....# #
##.##.# ##
#.##...#.##
.+
+.........##
##
#..........##
###
#####.......#
..# #.......#
#.# #.......#


You could see 3 gnolls.

Vanquished Creatures
  Robin (D:2)
  A gnoll (D:3)
  5 adders
  A worm (D:2)
  3 dart slugs
  9 ball pythons
  8 bats
  3 endoplasms
  3 giant cockroaches
  7 goblins
  10 hobgoblins
  9 jackals
  5 kobolds
  5 quokkas
  3 frilled lizards (D:2)
  11 rats
84 creatures vanquished.

Notes
Turn   | Place    | Note
-------+----------+-------------------------------------------
     0 | D:1      | Descartes the Troll Warper began the quest for the Orb.
     0 | D:1      | Reached XP level 1. HP: 19/19 MP: 1/1
   162 | D:1      | Reached XP level 2. HP: 20/28 MP: 3/3
   407 | D:1      | Reached XP level 3. HP: 35/35 MP: 4/4
  1316 | D:2      | Reached XP level 4. HP: 40/42 MP: 5/5
  1694 | D:2      | Noticed Robin
  1702 | D:2      | Killed Robin
  1762 | D:2      | Found a white marble altar of Elyvilon.
  1810 | D:2      | You fall into a shaft and drop 1 floor!
  1968 | D:3      | Reached XP level 5. HP: 37/49 MP: 6/6
  2035 | D:3      | Reached skill level 3 in Unarmed Combat
  2248 | D:3      | HP: 2/50 [gnoll (8)]
  2248 | D:3      | Mangled by a gnoll

Illustrated notes

Levels and vault maps discovered:
D:1:      erik_arrival_orb_chamber, layout_basic, minmay_close_crescents
D:2:      wad_river_or_something, layout_basic, basic_altar, grunt_ministairs_9,
          uniq_robin
D:3:      layout_loops_corners, serial_shops, nicolae_lakefront_shop

Skill      XL: |  1  2  3  4  5 |
---------------+----------------+-----
Dodging        | 2 |  2.6
Fighting       | 2 |  2.3
Unarmed Combat | 3 |  3.0
Throwing       | |  0.8
Spellcasting   | |  1.8
Translocations | |  2.8

Action                   |  1- 3 |  4- 6 || total
-------------------------+-------+-------++-------
Melee: Unarmed           |   151 |   108 ||   259
 Stab: Sleeping          |       |     1 ||     1
Armor: Robe              |    60 |    28 ||    88
Dodge: Dodged            |    69 |    77 ||   146
